 Dungeon Crawl Stone Soup version 0.28.0-53-g5a82cb258f (webtiles) character file.

Game seed: 9555396878737682918

368176 MiltankisOP the Hoplite (level 23, 0/178 HPs)
             Began as a Human Fighter on July 8, 2022.
             Was the Champion of Okawaru.
             Succumbed to something's dark miasma
             ... on level 3 of the Abyss on July 9, 2022.
             The game lasted 02:57:18 (51182 turns).

MiltankisOP the Hoplite (Human Fighter)            Turns: 51182, Time: 02:57:18

Health: 0/178      AC: 33    Str: 30    XL:     23   Next: 24%
Magic:  32/32      EV: 21    Int:  8    God:    Okawaru [******]
Gold:   2258       SH: 29    Dex: 17    Spells: 22/22 levels left

rFire   + + .      SeeInvis +   v - +3 broad axe (freeze)
rCold   + + .      Faith    .   D - +1 tower shield {AC+3}
rNeg    . . .      Spirit   .   o - +7 Kryia's mail coat {PotionHeal*2 rC+}
rPois   .          Reflect  +   p - +2 helmet {SInv}
rElec   .          Harm     .   e - +1 cloak of Omission {rF+}
rCorr   .          Rampage  .   i - +3 pair of gauntlets of War {Slay+5}
Will    +....      Rage     1%  l - +2 pair of boots "Vatuganu" {rC+ Regen+ Str+4 Dex+2}
Stlth   ..........              V - amulet of reflection
HPRegen 0.00/turn               (no ring)
MPRegen 0.23/turn               X - ring of Pefec {rF+ EV+4}

@: lethally poisoned (0 -> -45), about to teleport, finesse-ful, sick, slowed,
very slow
A: berserk 1
}: 3/15 runes: serpentine, barnacled, slimy
a: Renounce Religion, Heroism, Finesse, Duel


You were on level 3 of the Abyss.
You worshipped Okawaru.
Okawaru was exalted by your worship.
You visited 8 branches of the dungeon, and saw 40 of its levels.
You visited the Abyss 1 time.
You also visited: Gauntlet.

You collected 3789 gold pieces.
You spent 1531 gold pieces at shops.

Inventory:

Hand Weapons
 v - a +3 broad axe of freezing (weapon)
 w - the +3 whip "Spiderslayer" {freeze, rF+}
   (You found it on level 4 of the Dungeon)

   It freezes those it strikes, dealing additional cold damage.
   It can also slow down cold-blooded creatures.
   rF:        It protects you from fire.
 z - the +5 battleaxe "Caosai" {protect, rF+ Str+3}
   (You found it on level 5 of the Dungeon)

   It grants its wielder temporary protection when it strikes (+7 to AC).
   Str:       It affects your strength (+3).
   rF:        It protects you from fire.
 C - the +7 executioner's axe "Dragon's Regret" {venom, rPois rCorr}
   (Okawaru gifted it to you on level 6 of the Lair of Beasts)

   It poisons the flesh of those it strikes.
   rPois:     It protects you from poison.
   rCorr:     It protects you from acid and corrosion.
 Q - a +5 antimagic executioner's axe
Missiles
 h - 7 boomerangs of dispersal
 q - 5 silver javelins (quivered)
 u - 55 boomerangs
 M - 9 throwing nets
 Y - 12 javelins
Armour
 a - the +0 cloak of Altruism {Slay+3}
   (Okawaru gifted it to you on level 4 of the Lair of Beasts)

   Slay:      It affects your accuracy & damage with ranged weapons and melee
   (+3).
 c - a +3 kite shield of protection
 e - the +1 cloak of Omission (worn) {rF+}
   (Okawaru gifted it to you on level 1 of the Lair of Beasts)

   rF:        It protects you from fire.
 i - the +3 pair of gauntlets of War (worn) {Slay+5}
   (You found it in a Gauntlet)

   Slay:      It affects your accuracy & damage with ranged weapons and melee
   (+5).
 l - the +2 pair of boots "Vatuganu" (worn) {rC+ Regen+ Str+4 Dex+2}
   (Okawaru gifted it to you on level 1 of the Snake Pit)

   Str:       It affects your strength (+4).
   Dex:       It affects your dexterity (+2).
   rC:        It protects you from cold.
   Regen:     It increases your rate of health regeneration.
 m - a +2 chain mail of willpower
 o - the +7 Kryia's mail coat (worn) {PotionHeal*2 rC+}
   (Okawaru gifted it to you on level 5 of the Pits of Slime)

   Potions are twice as effective at healing its wearer.
   rC:        It protects you from cold.
 p - a +2 helmet of see invisible (worn)
 D - a +1 tower shield of protection (worn)
 J - the +5 plate armour of the Raven {rN+ Int+2}
   (You found it on level 5 of the Pits of Slime)

   Int:       It affects your intelligence (+2).
   rN:        It protects you from negative energy.
 N - the +6 chain mail "Kuhuyc" {rF+ Dex+3}
   (Okawaru gifted it to you on level 8 of the Dungeon)

   Dex:       It affects your dexterity (+3).
   rF:        It protects you from fire.
Jewellery
 g - the ring of Ized {Will+ MP+9 Str+4}
   (You bought it in a shop on level 2 of the Orcish Mines)

   [ring of willpower]

   Str:       It affects your strength (+4).
   MP:        It affects your magic capacity (+9).
   Will:      It increases your willpower.
 G - the ring of Liberty {Ice Fly rN+++ rCorr Str-2}
   (You found it on level 2 of the Elven Halls)

   [ring of ice]

   It enhances your ice magic.
   Str:       It affects your strength (-2).
   rF:        It makes you vulnerable to fire.
   rC:        It protects you from cold.
   rN:        It renders you almost immune to negative energy.
   Fly:       It grants you flight.
   rCorr:     It protects you from acid and corrosion.
 R - the ring of the Evening {rPois rN+ Dex+4}
   (You took it off a merfolk on level 4 of the Shoals)

   [ring of positive energy]

   Dex:       It affects your dexterity (+4).
   rPois:     It protects you from poison.
   rN:        It protects you from negative energy.
 V - an amulet of reflection (around neck)
 X - the ring of Pefec (right hand) {rF+ EV+4}
   (You found it in a Gauntlet)

   [ring of evasion]

   EV:        It affects your evasion (+4).
   rF:        It protects you from fire.
 Z - the ring "Ifekh" {rF+ rC- rN+++ rCorr Dex+3}
   (You found it on level 4 of the Shoals)

   [ring of resist corrosion]

   Dex:       It affects your dexterity (+3).
   rF:        It protects you from fire.
   rC:        It makes you vulnerable to cold.
   rN:        It renders you almost immune to negative energy.
   rCorr:     It protects you from acid and corrosion.
Wands
 y - a wand of digging (7)
 F - a wand of flame (57)
 O - a wand of iceblast (28)
 S - a wand of mindburst (12)
 T - a wand of acid (18)
Scrolls
 b - 3 scrolls of silence
 f - 13 scrolls of teleportation
 s - 7 scrolls of fog
 P - 5 scrolls of magic mapping
 W - a scroll of fear
Potions
 d - 5 potions of might
 j - 4 potions of invisibility
 k - 3 potions of haste
 n - 8 potions of curing
 r - 7 potions of flight
 t - 2 potions of resistance
 x - 5 potions of ambrosia
 A - 4 potions of brilliance
 B - 5 potions of attraction
 E - 2 potions of lignification
 H - 2 potions of berserk rage
 I - a potion of magic
 K - 5 potions of cancellation
 U - 3 potions of heal wounds


   Skills:
 - Level 14.2 Fighting
 - Level 20.0 Axes
 - Level 12.0 Throwing
 + Level 13.1 Armour
 + Level 13.1 Dodging
 - Level 22.2 Shields
 - Level 12.0 Invocations


You had 22 spell levels left.
You didn't know any spells.
Your spell library contained the following spells:

 Spells                   Type           Power      Damage    Failure   Level
 Beastly Appendage        Tmut           0%         N/A       77%         1
 Foxfire                  Conj/Fire      0%         2x1d4     77%         1
 Magic Dart               Conj           0%         1d3       77%         1
 Blink                    Tloc           0%         N/A       88%         2
 Ensorcelled Hibernation  Hex/Ice        0%         N/A       88%         2
 Poisonous Vapours        Pois/Air       0%         N/A       88%         2
 Searing Ray              Conj           0%         2d4       88%         2
 Sublimation of Blood     Necr           0%         N/A       88%         2
 Wereblood                Tmut           0%         N/A       88%         2
 Confusing Touch          Hex            0%         N/A       98%         3
 Dazzling Flash           Conj/Hex       0%         N/A       98%         3
 Gell's Gravitas          Tloc           0%         N/A       98%         3
 Portal Projectile        Hex/Tloc       0%         N/A       98%         3
 Spider Form              Tmut/Pois      0%         N/A       98%         3
 Stone Arrow              Conj/Erth      0%         3d7       98%         3
 Teleport Other           Tloc           0%         N/A       98%         3
 Anguish                  Hex/Necr       0%         N/A       100%        4
 Flame Wave               Conj/Fire      0%         2d4       100%        4
 Fulminant Prism          Conj/Hex       0%         3d6       100%        4
 Ice Form                 Ice/Tmut       0%         N/A       100%        4
 Iskenderun's Mystic Bla  Conj/Tloc      0%         2d3       100%        4
 Leda's Liquefaction      Hex/Erth       0%         N/A       100%        4
 Olgreb's Toxic Radiance  Pois           0%         N/A       100%        4
 Passage of Golubria      Tloc           0%         N/A       100%        4
 Sticky Flame             Conj/Fire      0%         2d3       100%        4
 Blade Hands              Tmut           0%         N/A       100%        5
 Excruciating Wounds      Necr           0%         N/A       100%        5
 Fireball                 Conj/Fire      0%         3d3       100%        5
 Lee's Rapid Deconstruct  Erth           0%         3d5*      100%        5
 Manifold Assault         Tloc           0%         N/A       100%        5
 Silence                  Hex/Air        0%         N/A       100%        5
 Yara's Violent Unravell  Hex/Tmut       0%         3d3       100%        5
 Dispersal                Tloc           0%         N/A       100%        6
 Statue Form              Tmut/Erth      0%         N/A       100%        6
 Enfeeble                 Hex            0%         N/A       100%        7
 Ozocubu's Refrigeration  Ice            0%         4d5       100%        7
 Storm Form               Tmut/Air       0%         N/A       100%        7
 Ignition                 Fire           0%         3d3       100%        8
 Lehudib's Crystal Spear  Conj/Erth      0%         10d2      100%        8
 Summon Hydra             Summ           Unusable   N/A       N/A         7

Dungeon Overview and Level Annotations

Branches:
Dungeon (15/15)            Temple (1/1) D:4            Lair (6/6) D:9
 Shoals (4/4) Lair:4        Snake (4/4) Lair:2        Slime (5/5) Lair:6
    Orc (2/2) D:12            Elf (3/3) Orc:2        Vaults (0/5) D:13
 Depths (0/4) D:15        Gauntlet (visited)

Altars:
Ashenzari
Cheibriados
Dithmenos
Elyvilon
Fedhas
Gozag
Hepliaklqana
Kikubaaqudgha
Makhleb
Nemelex Xobeh
Okawaru
Qazlal
Ru
Sif Muna
Trog
Uskayaw
Vehumet
Wu Jian
Xom
Yredelemnul
Zin
The Shining One
Beogh
Jiyva

Shops:
D:9 =   D:10 ?   Orc:2 =(*[   Shoals:1 (

Portals:
Trove: D:11 (give 7 scrolls of fog)

Annotations:
D:3 2 runed translucent doors, EyeSee2020's ghost, amateur HOFi
Lair:2 2 transporters, DemonSlayer's ghost, journeyman DsFE
Lair:4 3 runed translucent doors, Tosithia's ghost, journeyman GrEE


Innate Abilities, Weirdness & Mutations

You tend to lose your temper in combat.


Message History

The death drake is moderately wounded.
The silver javelin pierces through the bone dragon!!
The bone dragon is moderately damaged.
You are engulfed in dark miasma.
You are poisoned.
You feel as though you will be slow longer.
You feel very sick.
Throw: 6 javelins (silver)
Press: ? - help, Q - select action, (/) - cycle Shift-Dir - straight line, f/p - death drake
Aim: a death drake (moderately wounded, 66% to hit)
You throw a silver javelin.
The silver javelin pierces through the death drake!!
The death drake is heavily wounded.
The silver javelin closely misses the death drake.
The silver javelin pierces through the rakshasa.
The rakshasa is lightly wounded.
The silver javelin pierces through the bone dragon.
The bone dragon is moderately damaged.
You are engulfed in dark miasma.
You are more poisoned.
* * * LOW HITPOINT WARNING * * *
You feel very sick. The death drake barely misses you.
As you read the scroll of teleportation, it crumbles to dust.
You feel strangely unstable.
You feel the power of the Abyss delaying your translocation!
You feel extremely sick. You block the death drake's attack.
The death drake breathes miasma at you.
The foul vapour engulfs the death drake.
The death drake completely resists.
The rakshasa weaves an illusion.
The death drake shimmers and seems to become two!
The death drake breathes miasma at you.
The foul vapour engulfs you but does no damage.
You are engulfed in dark miasma.
You are lethally poisoned!
You feel as though you will be slow longer.
* * * LOW HITPOINT WARNING * * *
You die...

#(..2# ....#
#...# ####.##
#.#.###.☼○###
..
#DR#.##☼##.
#°°°.#### .
#.#°#..#
##kk.#.#
#k°#####
#..°°#@..#
#.#####.....#
#..#.#...
#... .. .
...#. .#
≈..#.# # #≈#.
# #.##


You could see a bone dragon, 2 death drakes and a rakshasa.

Vanquished Creatures
  the Royal Jelly (Slime:5)
  Dissolution (Slime:4)
  Vashnia (Snake:4)
  The ghost of WaxSun the Warrior, an adept DjCj of Elyvilon (Shoals:4)
  Jorgrun (D:12)
  A deep elf blademaster (Elf:2)
  22 acid blobs
  4 krakens
  2 tentacled starspawn
  An Executioner (Abyss:3)
  Kirke (Shoals:3)
  Roxanne (D:14)
  12 azure jellies
  Ilsuiw (Shoals:3)
  10 rockslimes
  6 nagarajas
  A deep elf sorcerer (Elf:3)
  A cacodemon (Abyss:3)
  An orc warlord (Orc:1)
  2 deep elf elementalists (Elf:3)
  8 quicksilver oozes
  3 deep elf demonologists (Elf:3)
  A deep elf annihilator (Elf:1)
  3 starcursed masses (Abyss:3)
  3 dire elephants
  A minotaur (Gauntlet)
  4 merfolk javelineers (Shoals:4)
  A blizzard demon (Abyss:3)
  3 deep elf death magi
  Snorg (D:13)
  3 fire dragons (Elf:3)
  10 merfolk impalers
  5 vault guards (D:13)
  Harold (Lair:2)
  A deep elf high priest (Elf:3)
  4 great orbs of eyes
  Fannar (Lair:2)
  2 salamander tyrants
  An ogre mage (D:15)
  The ghost of Tiocfaidh the Blocker, a journeyman MiIE of Hepliaklqana (D:13)
  14 hydras
  A rakshasa (Abyss:3)
  4 boulder beetles
  22 naga warriors
  A hell beast (Elf:3)
  4 anacondas
  5 merfolk avatars
  A catoblepas (Shoals:2)
  12 two-headed ogres
  10 merfolk aquamancers
  6 centaur warriors
  2 alligator snapping turtles
  4 satyrs
  34 dancing weapons
  11 death yaks
  Urug (Lair:2)
  8 tengu warriors
  4 shock serpents
  13 naga sharpshooters
  5 orc high priests
  3 thrashing horrors (Abyss:3)
  Nergalle (Lair:2)
  A fire crab (Gauntlet)
  3 salamander mystics
  16 deep elf knights
  A sixfirhy (Abyss:3)
  4 skeletal warriors (D:11)
  16 sea snakes
  11 deep elf archers
  5 naga ritualists (Snake:4)
  17 deep elf zephyrmancers
  33 deep elf pyromancers
  4 orc knights
  53 harpies
  2 large abominations (Abyss:3)
  4 shining eyes
  A wolf spider (D:15)
  17 salamanders
  4 orc sorcerers
  A worldbinder (Abyss:3)
  10 mana vipers
  32 manticores
  8 ugly things
  A cyclops (shapeshifter) (Elf:1)
  16 fauns
  2 spectral centaurs (D:13)
  A moth of wrath (Gauntlet)
  4 cyclopes
  5 water nymphs
  36 black mambas
  3 elephants (Lair:6)
  21 naga magi
  9 merfolk sirens
  Joseph (D:8)
  2 guardian serpents
  5 eyes of devastation
  An orange demon (Abyss:3)
  A smoke demon (Abyss:3)
  2 gargoyles
  12 cane toads
  4 rime drakes
  8 komodo dragons
  A spectral redback (D:13)
  2 unseen horrors
  A tengu conjurer (D:13)
  A merfolk (shapeshifter) (D:15)
  2 ancient zymes (Abyss:3)
  4 trolls
  6 polar bears (Lair:6)
  6 wind drakes
  79 slime creatures
  22 merfolk
  Prince Ribbit (D:7)
  5 hornets
  13 blink frogs
  A spectral meliai (D:13)
  10 snapping turtles
  10 dream sheep
  3 centaur simulacra (D:13)
  18 water elementals
  A shadow (D:11)
  13 spriggans (Lair:6)
  2 fire elementals (Elf:1)
  A yak (shapeshifter) (Elf:1)
  2 wyverns
  59 yaks
  A human (D:13)
  4 fire bats
  4 hogs (Shoals:3)
  3 basilisks
  6 golden eyes (Slime:3)
  4 wraiths
  3 redbacks (Gauntlet)
  6 vampire mosquitoes
  59 nagas
  4 wargs
  3 acid dragons
  A floating eye (Slime:4)
  3 hell hounds
  9 water moccasins
  2 sky beasts (D:5)
  A black bear (shapeshifter) (D:15)
  39 orc warriors
  5 ice beasts
  A hornet zombie (D:7)
  7 black bears
  8 ogres
  5 boggarts (Lair:6)
  25 wolves
  2 phantoms (D:6)
  11 centaurs
  2 kobold brigands
  3 wyvern zombies
  18 bullfrogs
  4 scorpions
  2 earth elementals (Elf:1)
  4 killer bees (D:8)
  8 wights
  A howler monkey (D:6)
  4 electric eels
  4 centaur zombies
  A gnoll shaman (D:7)
  2 jellies
  18 orc priests
  3 hounds
  A bullfrog zombie (D:7)
  2 centaur skeletons
  2 iron imps (Abyss:3)
  An iguana (D:5)
  19 orc wizards
  5 hell rats (Lair:4)
  2 killer bee zombies
  3 small abominations
  A hound skeleton (D:4)
  3 howler monkey zombies
  6 gnolls
  A howler monkey skeleton (D:6)
  7 adders
  2 white imps
  An adder skeleton (D:4)
  2 worms
  2 dart slugs
  54 orcs
  6 ball pythons
  5 bats
  6 endoplasms
  3 giant cockroaches
  4 goblins
  11 hobgoblins
  9 jackals
  2 quokkas
  5 frilled lizards
  16 kobolds
  5 rats
  2 starspawn tentacles (Abyss:2)
  10 tentacles
1422 creatures vanquished.

Vanquished Creatures (others)
  A rockslime (Slime:1)
  A catoblepas (Shoals:2)
  A deep elf knight (Elf:2)
  A deep elf zephyrmancer (Elf:2)
  A deep elf pyromancer (Elf:1)
  A guardian serpent (Snake:3)
  A demonic plant (Gauntlet)
  31 fungi
  81 plants
  2 starspawn tentacles (Abyss:3)
  39 tentacles
160 creatures vanquished.

Grand Total: 1582 creatures vanquished

Notes
Turn   | Place    | Note
-------+----------+-------------------------------------------
     0 | D:1      | MiltankisOP the Human Fighter began the quest for the Orb.
     0 | D:1      | Reached XP level 1. HP: 18/18 MP: 1/1
   235 | D:1      | Reached XP level 2. HP: 24/24 MP: 2/2
   347 | D:1      | Reached XP level 3. HP: 23/29 MP: 3/3
  1227 | D:2      | Found a snail-covered altar of Cheibriados.
  1650 | D:2      | Found a faded altar of an unknown god.
  1739 | D:2      | Reached XP level 4. HP: 35/35 MP: 4/4
  1980 | D:2      | Noticed a shining eye
  1983 | D:2      | Noticed an eye of devastation
  1985 | D:2      | Noticed an eye of devastation
  1985 | D:2      | Noticed a great orb of eyes
  2400 | D:3      | Found a runed translucent door.
  2799 | D:3      | Found a runed translucent door.
  2807 | D:3      | Noticed EyeSee2020's ghost (amateur HOFi)
  2818 | D:3      | Reached XP level 5. HP: 24/41 MP: 5/5
  2819 | D:3      | Reached skill level 5 in Axes
  3452 | D:4      | Identified the +3 whip "Spiderslayer" {freeze, rF+}
  3603 | D:4      | Reached XP level 6. HP: 28/47 MP: 6/6
  3628 | D:4      | Noticed an ogre
  4021 | D:4      | Found a staircase to the Ecumenical Temple.
  4037 | Temple   | Entered the Ecumenical Temple
  4134 | Temple   | Became a worshipper of Warmaster Okawaru
  4184 | D:5      | Entered Level 5 of the Dungeon
  4184 | D:5      | Noticed a sky beast
  4376 | D:5      | Reached XP level 7. HP: 20/52 MP: 7/7
  4632 | D:5      | Identified the +5 battleaxe "Caosai" {protect, rF+ Str+3}
  4859 | D:5      | Reached XP level 8. HP: 42/58 MP: 8/8
  4972 | D:5      | Reached * piety under Okawaru
  5524 | D:5      | Reached skill level 10 in Axes
  5826 | D:5      | Got the Grimoire of the Venomous Arsonist
  6106 | D:6      | Reached XP level 9. HP: 62/63 MP: 9/9
  6529 | D:6      | Reached ** piety under Okawaru
  7210 | D:7      | Identified the +2 rapier of Atabb {vorpal, *Noise Str+3
                  | SInv}
  8210 | D:7      | Reached *** piety under Okawaru
  8320 | D:7      | Found a basalt altar of Yredelemnul.
  8335 | D:7      | Reached XP level 10. HP: 69/70 MP: 10/10
  8368 | D:7      | Found a blossoming altar of Fedhas.
  8368 | D:7      | Found an ancient bone altar of Kikubaaqudgha.
  8659 | D:7      | Reached **** piety under Okawaru
  8951 | D:7      | Noticed Prince Ribbit
  8966 | D:7      | Killed Prince Ribbit
  9258 | D:8      | Noticed a two-headed ogre
  9269 | D:8      | Killed a two-headed ogre
  9269 | D:8      | Received a gift from Okawaru
  9269 | D:8      | Reached ***** piety under Okawaru
  9271 | D:8      | Identified the +6 chain mail "Kuhuyc" {rF+ Dex+3} (Okawaru
                  | gifted it to you on level 8 of the Dungeon)
  9271 | D:8      | Received a gift from Okawaru
  9543 | D:8      | Noticed Joseph
  9552 | D:8      | Killed Joseph
  9885 | D:8      | Reached skill level 5 in Fighting
  9962 | D:8      | Reached XP level 11. HP: 76/80 MP: 11/11
 10429 | D:9      | Noticed a deep elf pyromancer
 10438 | D:9      | Killed a deep elf pyromancer
 10439 | D:9      | Reached skill level 15 in Axes
 10499 | D:9      | Found Tyol Keo's One-of-a-Kind Rings.
 10697 | D:9      | Found a staircase to the Lair.
 10907 | D:10     | Entered Level 10 of the Dungeon
 11443 | D:10     | Found Gunoyth's Magic Scroll Boutique.
 11454 | D:10     | Bought a scroll of magic mapping for 42 gold pieces
 11454 | D:10     | Bought a scroll of identify for 24 gold pieces
 11454 | D:10     | Bought a scroll of noise for 12 gold pieces
 11623 | D:10     | Noticed a two-headed ogre
 11629 | D:10     | Killed a two-headed ogre
 11716 | D:10     | Found an opulent altar of Gozag.
 11779 | D:11     | Noticed a two-headed ogre
 11790 | D:11     | Noticed a two-headed ogre
 11866 | D:11     | Noticed a two-headed ogre
 11876 | D:11     | Received a gift from Okawaru
 11891 | D:11     | Killed a two-headed ogre
 11901 | D:11     | Found a portal to a secret trove of treasure.
 11909 | D:11     | Reached XP level 12. HP: 13/96 MP: 9/12
 11915 | D:11     | HP: 1/96 [troll (6)]
 12304 | D:11     | Noticed a skeletal warrior
 12429 | Lair:1   | Entered Level 1 of the Lair of Beasts
 12452 | Lair:1   | Noticed a four-headed hydra
 12469 | Lair:1   | Killed a four-headed hydra
 12595 | Lair:1   | Found a gate leading to a gauntlet.
 12615 | Lair:1   | Reached skill level 10 in Fighting
 12663 | Gauntlet | Entered a Gauntlet
 12663 | Gauntlet | Found a transporter.
 12663 | Gauntlet | Found a transporter.
 12666 | Gauntlet | Found a transporter.
 12666 | Gauntlet | Found a transporter.
 12666 | Gauntlet | Noticed a fire crab
 12666 | Gauntlet | Noticed a catoblepas
 12687 | Gauntlet | Found a transporter.
 12698 | Gauntlet | Found a transporter.
 12699 | Gauntlet | Found a transporter.
 12703 | Gauntlet | Found a runed translucent door.
 12705 | Gauntlet | Found a runed translucent door.
 12705 | Gauntlet | Found the +3 pair of gauntlets of War {Slay+5}
 12707 | Gauntlet | Found a transporter.
 12764 | Gauntlet | Found a transporter.
 12773 | Gauntlet | Found a runed translucent door.
 12776 | Gauntlet | Found a transporter.
 12778 | Gauntlet | Found a transporter.
 12780 | Gauntlet | Noticed a sixfirhy
 12782 | Gauntlet | Noticed a sixfirhy
 12786 | Gauntlet | Noticed a sixfirhy
 12790 | Gauntlet | Found a transporter.
 12900 | Gauntlet | Killed a fire crab
 12906 | Gauntlet | Identified the ring of Pefec {rF+ EV+4}
 13116 | Gauntlet | Reached skill level 1 in Invocations
 13127 | Gauntlet | Identified the -4 hat of Pride {Will- Regen+ Str+7}
 13410 | Gauntlet | Noticed a minotaur
 13418 | Gauntlet | Killed a minotaur
 13804 | Lair:1   | Identified the +1 cloak of Omission {rF+} (Okawaru gifted
                  | it to you on level 1 of the Lair of Beasts)
 13804 | Lair:1   | Received a gift from Okawaru
 13924 | Lair:1   | Reached skill level 5 in Invocations
 14973 | Lair:2   | Reached XP level 13. HP: 103/103 MP: 17/17
 15001 | Lair:2   | Noticed Urug
 15020 | Lair:2   | Killed Urug
 15020 | Lair:2   | Reached ****** piety under Okawaru
 15304 | Lair:2   | Found a staircase to the Snake Pit.
 15306 | Lair:2   | Noticed Fannar
 15344 | Lair:2   | Killed Fannar
 15372 | Lair:2   | Noticed Nergalle
 15378 | Lair:2   | Killed Nergalle
 15443 | Lair:2   | Noticed Harold
 15469 | Lair:2   | Killed Harold
 15544 | Lair:2   | Noticed DemonSlayer's ghost (journeyman DsFE)
 15554 | Lair:2   | Found a transporter.
 15640 | Lair:2   | Noticed a boulder beetle
 15683 | Lair:2   | Found a transporter.
 15729 | Lair:2   | Identified the +2 long sword "Ogre's Undoing" {spect, rN+++
                  | Str+3 Dex-5 SInv}
 16010 | Lair:2   | You fall into a shaft and drop 2 floors!
 16131 | Lair:4   | Found a runed translucent gate.
 16132 | Lair:4   | Found a runed translucent gate.
 16133 | Lair:4   | Found a runed translucent gate.
 16133 | Lair:4   | Noticed an acid blob
 16134 | Lair:4   | Noticed an azure jelly
 16134 | Lair:4   | Noticed an acid blob
 16146 | Lair:4   | Identified the +0 cloak of Altruism {Slay+3} (Okawaru
                  | gifted it to you on level 4 of the Lair of Beasts)
 16146 | Lair:4   | Received a gift from Okawaru
 16147 | Lair:4   | Reached skill level 10 in Invocations
 16251 | Lair:4   | Noticed an azure jelly
 16251 | Lair:4   | Noticed an azure jelly
 16404 | Lair:4   | Noticed a seven-headed hydra
 16411 | Lair:4   | Killed a seven-headed hydra
 17211 | Lair:4   | Noticed an azure jelly
 17212 | Lair:4   | Noticed a rockslime
 17212 | Lair:4   | Noticed Tosithia's ghost (journeyman GrEE)
 17212 | Lair:4   | Noticed an acid blob
 17213 | Lair:4   | Noticed an acid blob
 17213 | Lair:4   | Noticed an azure jelly
 17231 | Lair:4   | Found a viscous altar of Jiyva.
 17271 | Lair:4   | Found a staircase to the Shoals.
 17511 | Lair:3   | Noticed a four-headed hydra
 17519 | Lair:3   | Killed a four-headed hydra
 17839 | Lair:3   | Noticed a six-headed hydra
 17852 | Lair:3   | Killed a six-headed hydra
 17853 | Lair:3   | Reached XP level 14. HP: 77/110 MP: 14/22
 18908 | Lair:5   | Got the Compendium of Transmigration
 19008 | Lair:5   | Received a gift from Okawaru
 20382 | Lair:6   | Entered Level 6 of the Lair of Beasts
 20389 | Lair:6   | Found a staircase to the Slime Pits.
 20662 | Lair:6   | Identified the +6 scale mail of Entuhag {Regen+}
 20787 | Lair:6   | Identified the +7 executioner's axe "Dragon's Regret"
                  | {venom, rPois rCorr} (Okawaru gifted it to you on level 6
                  | of the Lair of Beasts)
 20787 | Lair:6   | Received a gift from Okawaru
 21150 | Lair:6   | Reached skill level 5 in Armour
 21150 | Lair:6   | Reached XP level 15. HP: 115/115 MP: 24/24
 21300 | Lair:6   | Reached skill level 5 in Dodging
 21700 | Lair:6   | Reached XP level 16. HP: 120/122 MP: 25/25
 21703 | Lair:6   | Received a gift from Okawaru
 23203 | D:12     | Noticed Jorgrun
 23216 | D:12     | Killed Jorgrun
 23594 | D:12     | Received a gift from Okawaru
 23818 | D:12     | Found a staircase to the Orcish Mines.
 24155 | Orc:1    | Entered Level 1 of the Orcish Mines
 24709 | Orc:2    | Entered Level 2 of the Orcish Mines
 24710 | Orc:2    | Found a staircase to the Elven Halls.
 27089 | Orc:2    | Found a shimmering blue altar of Sif Muna.
 27283 | Orc:2    | Found Lumuxovu's Antique Armour Emporium.
 27284 | Orc:2    | Found Keumpori's Antique Weapon Emporium.
 27286 | Orc:2    | Found Paigyej's General Store.
 27286 | Orc:2    | Found Wukuph's Jewellery Shoppe.
 27350 | Orc:2    | Bought the ring of Ized {Will+ MP+9 Str+4} for 889 gold
                  | pieces
 27351 | Orc:2    | Bought a potion of might for 52 gold pieces
 27361 | Orc:2    | Bought a pair of twisted gloves for 256 gold pieces
 27361 | Orc:2    | Identified the +0 pair of gloves of Kulliupo {rElec rN++
                  | Slay-4 Stlth+} (You bought it in a shop on level 2 of the
                  | Orcish Mines)
 27361 | Orc:2    | Bought a glimmering chain mail for 256 gold pieces
 27361 | Orc:2    | Identified the +1 chain mail of Jouckug {rElec rF+ Dex+4
                  | Stlth+} (You bought it in a shop on level 2 of the Orcish
                  | Mines)
 27783 | D:13     | Received a gift from Okawaru
 27789 | D:13     | Reached skill level 10 in Armour
 28282 | D:13     | Noticed Snorg
 28289 | D:13     | Reached skill level 10 in Dodging
 28297 | D:13     | Killed Snorg
 28304 | D:13     | Reached XP level 17. HP: 122/128 MP: 26/26
 28505 | D:13     | Received a gift from Okawaru
 28919 | D:13     | Found a gate to the Vaults.
 29332 | D:13     | Found a runed translucent gate.
 29332 | D:13     | Found a runed translucent gate.
 29332 | D:13     | Found a runed translucent gate.
 29338 | D:13     | Noticed Tiocfaidh's ghost (journeyman MiIE)
 29531 | D:13     | Killed Tiocfaidh's ghost
 29796 | D:14     | Found a shadowy altar of Dithmenos.
 29944 | D:14     | Noticed Roxanne
 29986 | D:14     | Killed Roxanne
 30681 | D:15     | Entered Level 15 of the Dungeon
 31183 | D:15     | Found a staircase to the Depths.
 32216 | Snake:1  | Entered Level 1 of the Snake Pit
 32234 | Snake:1  | Reached skill level 1 in Throwing
 33024 | Snake:1  | Identified the +2 pair of boots "Vatuganu" {rC+ Regen+
                  | Str+4 Dex+2} (Okawaru gifted it to you on level 1 of the
                  | Snake Pit)
 33024 | Snake:1  | Received a gift from Okawaru
 33243 | Snake:1  | Reached skill level 4 in Shields
 33514 | Snake:1  | Reached skill level 5 in Shields
 33633 | Snake:1  | Reached XP level 18. HP: 133/146 MP: 27/27
 33825 | Snake:1  | Reached skill level 5 in Throwing
 33921 | Snake:1  | Reached skill level 6 in Shields
 34391 | Snake:2  | Reached skill level 7 in Shields
 34889 | Snake:2  | Reached skill level 8 in Shields
 35499 | Snake:3  | Received a gift from Okawaru
 35781 | Snake:3  | Reached skill level 9 in Shields
 36675 | Snake:4  | Entered Level 4 of the Snake Pit
 36870 | Snake:4  | Reached skill level 10 in Shields
 36958 | Snake:4  | Received a gift from Okawaru
 36965 | Snake:4  | Reached skill level 10 in Throwing
 37465 | Snake:4  | Reached XP level 19. HP: 136/152 MP: 28/28
 37470 | Snake:4  | Reached skill level 11 in Shields
 37523 | Snake:4  | Noticed Vashnia
 37939 | Snake:4  | Reached skill level 12 in Shields
 37957 | Snake:4  | Killed Vashnia
 37957 | Snake:4  | Received a gift from Okawaru
 38106 | Snake:4  | Received a gift from Okawaru
 38251 | Snake:4  | Got a serpentine rune of Zot
 38371 | Snake:4  | Reached skill level 13 in Shields
 38549 | Shoals:1 | Entered Level 1 of the Shoals
 38799 | Shoals:1 | Received a gift from Okawaru
 39127 | Shoals:1 | Found Teot's Weapon Shop.
 39180 | Shoals:1 | Reached skill level 14 in Shields
 40211 | Shoals:2 | Reached skill level 15 in Shields
 40330 | Shoals:2 | Reached XP level 20. HP: 145/159 MP: 29/29
 40896 | Shoals:3 | Noticed Ilsuiw
 40913 | Shoals:3 | Reached skill level 16 in Shields
 40952 | Shoals:3 | Killed Ilsuiw
 41084 | Shoals:3 | Noticed Kirke
 41099 | Shoals:3 | Killed Kirke
 41099 | Shoals:3 | Received a gift from Okawaru
 41270 | Shoals:3 | Received a gift from Okawaru
 41327 | Shoals:2 | Reached skill level 17 in Shields
 41487 | Shoals:3 | Received a gift from Okawaru
 42112 | Shoals:4 | Entered Level 4 of the Shoals
 42341 | Shoals:4 | Reached skill level 18 in Shields
 42487 | Shoals:4 | Identified the ring of the Evening {rPois rN+ Dex+4}
 42568 | Shoals:4 | Identified the +1 helmet of Courage {Int+4 Stlth+} (Okawaru
                  | gifted it to you on level 4 of the Shoals)
 42568 | Shoals:4 | Received a gift from Okawaru
 42642 | Shoals:4 | Found a runed translucent door.
 42642 | Shoals:4 | Found a shimmering altar of Xom.
 42642 | Shoals:4 | Noticed WaxSun's ghost (adept DjCj)
 42642 | Shoals:4 | Identified the +6 halberd "Orb Guardian's Peril" {chaos,
                  | rElec}
 42885 | Shoals:4 | Got a barnacled rune of Zot
 42999 | Shoals:4 | Reached XP level 21. HP: 161/165 MP: 30/30
 43073 | Shoals:4 | Identified the ring "Ifekh" {rF+ rC- rN+++ rCorr Dex+3}
 43181 | Shoals:4 | Reached skill level 19 in Shields
 43399 | Shoals:4 | Found the +7 great mace "Firestarter" {inner flame, rF++}
 43487 | Shoals:4 | Killed WaxSun's ghost
 43632 | Slime:1  | Entered Level 1 of the Pits of Slime
 44221 | Slime:2  | Reached skill level 20 in Shields
 44846 | Slime:4  | Received a gift from Okawaru
 45178 | Slime:5  | Entered Level 5 of the Pits of Slime
 45306 | Slime:5  | Received a gift from Okawaru
 45512 | Slime:5  | Received a gift from Okawaru
 45513 | Slime:5  | Reached skill level 21 in Shields
 45629 | Slime:5  | Received a gift from Okawaru
 45629 | Slime:5  | Found the +7 Kryia's mail coat {PotionHeal*2 rC+}
 46105 | Slime:4  | Reached XP level 22. HP: 97/172 MP: 31/31
 46172 | Slime:4  | Found a viscous altar of Jiyva.
 46178 | Slime:4  | Noticed Dissolution
 46183 | Slime:4  | Paralysed by a floating eye for 2 turns
 46193 | Slime:4  | Paralysed by a floating eye for 2 turns
 46196 | Slime:4  | Killed Dissolution
 46343 | Slime:5  | Found a viscous altar of Jiyva.
 46344 | Slime:5  | Noticed the Royal Jelly
 46377 | Slime:5  | Reached skill level 22 in Shields
 46383 | Slime:5  | Killed the Royal Jelly
 46523 | Slime:5  | Identified the +5 plate armour of the Raven {rN+ Int+2}
 46547 | Slime:5  | Got a slimy rune of Zot
 46662 | Slime:5  | Identified the +1 hand crossbow of the Ecumenical Temple
                  | {elec, Dex+4}
 47139 | Elf:1    | Entered Level 1 of the Elven Halls
 47522 | Elf:1    | Received a gift from Okawaru
 48003 | Elf:1    | Got the Handbook of Arcane Weapons
 48404 | Elf:2    | Found a runed translucent door.
 48432 | Elf:2    | Found a runed translucent door.
 48958 | Elf:2    | Identified the ring of Liberty {Ice Fly rN+++ rCorr Str-2}
 49151 | Elf:2    | Identified the +1 robe "Miamor" {Rampage rCorr Int-2}
                  | (Okawaru gifted it to you on level 2 of the Elven Halls)
 49151 | Elf:2    | Received a gift from Okawaru
 49753 | Elf:3    | Entered Level 3 of the Elven Halls
 49999 | Elf:3    | Reached XP level 23. HP: 178/178 MP: 32/32
 50275 | Elf:3    | Identified the +7 mace of Objectivity {protect, rElec rPois
                  | rN+++ Str-3}
 50815 | Elf:3    | Identified the +9 lajatang "Worm's Wrath" {holy, rElec
                  | Str+6 Dex-2 SInv} (Okawaru gifted it to you on level 3 of
                  | the Elven Halls)
 50815 | Elf:3    | Received a gift from Okawaru
 50819 | Elf:3    | Identified the amulet "Leizit" {Acrobat rElec rN+ Str+5
                  | Dex-5}
 50820 | Elf:3    | Cast into level 2 of the Abyss (a deep elf sorcerer)
 51091 | Abyss:3  | Gained mutation: You tend to lose your temper in combat. [a
                  | cacodemon]
 51182 | Abyss:3  | Succumbed to something's dark miasma

Illustrated notes

Levels and vault maps discovered:
D:1:      minmay_arrival_doors, layout_loops_ring, nicolae_figureground_sparkle
D:2:      layout_loops_ring, basic_altar,
          hellmonk_ecumenical_altar_watching_god, item_on_display_a
D:3:      layout_basic, ebering_ghost_sewer_f, corexii_leaking_fountain
D:4:      layout_rooms, minmay_temple_entry_statues_fountains
D:5:      layout_basic
D:6:      layout_cave_pools, st_stairs_10
D:7:      layout_cave_pools, nicolae_yredelemnul_corpse_copse,
          grunt_temple_overflow_growth_and_decay, uniq_prince_ribbit1
D:8:      layout_loops_cross, uniq_joseph
D:9:      layout_basic, grunt_lair_entry_orc_guard_hut,
          nicolae_shop_unique_rings, minmay_misc_feat_columns,
          amcnicky_mini_rare_corridor_liquid
D:10:     layout_roguey, grunt_gozag_statues, serial_shops, shop_scrolls
D:11:     layout_cave_pools, enter_trove_0
D:12:     layout_long_grid, orc_0_dummy, uniq_jorgrun
D:13:     layout_basic, grunt_vaults_entry_fortified,
          gammafunk_ghost_necromancy, uniq_snorg
D:14:     layout_basic, minmay_stone_trees_small, grunt_dithmenos_smoke,
          uniq_roxanne
D:15:     hangedman_depths_entry_try_elsewhere_first, layout_loops_cross,
          nicolae_two_hexagons
Temple:   compressed_dpeg_circular_temple
Lair:1:   layout_loops_ring, gauntlet_entry_generic, grunt_megastairs_3
Lair:2:   layout_roguey, guppyfry_snake_entry_island, gammafunk_ghost_arena,
          fungi_pond_lemuel, uniq_urug, uniq_harold, uniq_fannar, uniq_nergalle
Lair:3:   layout_gridlike, lemuel_fruit_fields, infiniplex_staircase_pool,
          serial_bayou_shore_b
Lair:4:   layout_regular_city, elwin_shoals_entry_rooms, gammafunk_ghost_ooze
Lair:5:   beast_lair_carwin_large_4, layout_cave_pods, serial_bayou_shore_a,
          grunt_megastairs_4, lemuel_fruit_tree
Lair:6:   minmay_lair_end_enchanted_forest, layout_misc_corridors,
          minmay_slime_entry_pillars
Shoals:1: cheibrodos_shoals_roost, layout_shoals, nicolae_take_the_stairs
Shoals:2: nzn_motion_control, layout_shoals
Shoals:3: layout_shoals, uniq_ilsuiw, uniq_kirke
Shoals:4: shoals_end_simple, layout_shoals, ebering_ghost_xom,
          nicolae_shoals_aquamancer_cove
Snake:1:  layout_honeycomb, st_stairs_7, beargit_elvish_explorers,
          serial_bayou_shore_b
Snake:2:  layout_honeycomb
Snake:3:  layout_layer_cave
Snake:4:  minmay_snake_end_coiled, layout_cave_town, uniq_vashnia
Slime:1:  layout_caves
Slime:2:  layout_caves
Slime:3:  layout_caves
Slime:4:  layout_caves, basic_altar, uniq_dissolution
Slime:5
Orc:1:    layout_diamond_mine, basic_altar
Orc:2:    st_orc_congregation, layout_diamond_mine, led_sif_book
Elf:1:    layout_onion_city, minmay_elf_annihilation
Elf:2:    nicolae_elf_blades_splatter_lattice
          [nicolae_blade_entry_splitting_headache], layout_geoelf_octagon
Elf:3:    nooodl_elf_gasket, layout_geoelf_castle, special_room
          [special_room_mythical_zoo]
Abyss:3:  base: Orc:1, nicolae_abyss_rune_left_handed, evilmike_abyss_exit_2,
          minivault_26, evilmike_abyss_exit_17

Skill      XL: |  1  2  3  4  5  6  7  8  9 10 11 12 13 14 15 16 17 18 19 20 21 22 23 |
---------------+----------------------------------------------------------------------+-----
Axes           | 3 4 5 7 8 10 13 14 15 17 18 19 20 | 20.0
Fighting       | 5 9 10 14 | 14.2
Invocations    | 6 11 12 | 12.0
Armour         | 5 6 10 12 13 | 13.1
Dodging        | 4 5 10 12 13 | 13.1
Throwing       | 4 10 12 | 12.0
Shields        | 5 10 15 18 21 22 | 22.2

Action                   |  1- 3 |  4- 6 |  7- 9 | 10-12 | 13-15 | 16-18 | 19-21 | 22-24 || total
-------------------------+-------+-------+-------+-------+-------+-------+-------+-------++-------
Melee: War axe           |   118 |   154 |    19 |       |       |       |       |       ||   291
       Battleaxe         |       |       |   188 |   376 |   368 |       |       |       ||   932
       Whip              |       |       |       |    14 |    29 |    38 |       |    24 ||   105
       Punch             |       |       |       |     2 |     2 |     2 |       |       ||     6
       Executioner's axe |       |       |       |       |    74 |   611 |       |       ||   685
       Broad axe         |       |       |       |       |       |   513 |  1230 |   734 ||  2477
Throw: Boomerang         |       |       |       |       |     2 |     3 |       |       ||     5
       Javelin           |       |       |       |       |       |     8 |    22 |    15 ||    45
Invok: Heroism           |       |       |       |     9 |     9 |    17 |     6 |     3 ||    44
       Finesse           |       |       |       |       |     4 |     4 |     1 |     2 ||    11
Evoke: Wand              |       |       |       |     1 |       |       |       |       ||     1
  Use: Potion            |       |     1 |       |     5 |     1 |       |     2 |     4 ||    13
       Scroll            |       |       |     2 |    17 |     2 |    15 |     1 |     3 ||    40
 Stab: Paralysed         |       |       |       |     2 |       |       |       |       ||     2
       Invisible         |       |       |       |     2 |       |       |       |       ||     2
       Petrified         |       |       |       |       |       |       |     2 |       ||     2
Armor: Scale mail        |    56 |    68 |    88 |       |       |       |    18 |   128 ||   358
       Plate armour      |       |       |    54 |    26 |       |       |       |       ||    80
       Chain mail        |       |       |       |   185 |   189 |   473 |   402 |       ||  1249
Dodge: Dodged            |    57 |    61 |    83 |   154 |   194 |   694 |   503 |   226 ||  1972
Block: Buckler           |    37 |    26 |     7 |       |       |       |       |       ||    70
       Kite shield       |       |       |       |       |       |    78 |       |       ||    78
       Other             |       |       |       |       |       |    51 |       |       ||    51
       Reflection        |       |       |       |       |       |    72 |   185 |    55 ||   312
       Tower shield      |       |       |       |       |       |   583 |  1712 |   696 ||  2991
